 Dungeon Crawl Stone Soup version 0.29-a0-459-g97dee8cd24 (console) character file.

Game seed: 14493712865749077981

27870 jejorda2 the Impaler (level 13, -1/107 HPs)
             Began as a Merfolk Fighter on May 20, 2022.
             Was a High Priest of Nemelex Xobeh.
             Slain by a catoblepas (9 damage)
             ... while petrified by a catoblepas
             ... on level 3 of the Lair of Beasts.
             The game lasted 00:37:06 (17550 turns).

jejorda2 the Impaler (Merfolk Fighter)             Turns: 17550, Time: 00:37:06

Health: -1/107     AC: 20    Str: 20    XL:     13   Next: 35%
Magic:  19/19      EV:  2    Int:  8    God:    Nemelex Xobeh [*****.]
Gold:   1612       SH:  0    Dex: 14    Spells: 12/12 levels left

rFire   + + .      SeeInvis .   b - +0 trident (vamp)
rCold   + . .      Faith    .   (no shield)
rNeg    + + +      Spirit   .   H - +1 plate armour {rPois}
rPois   ∞          Reflect  .   F - +0 helmet
rElec   .          Harm     .   y - scarf {rC+ rF+}
rCorr   .          Rampage  .   s - +2 pair of gloves
Will    .....                   v - +0 pair of boots
Stlth   ..........              (no amulet)
HPRegen 0.27/turn               f - +4 ring of evasion
MPRegen 0.16/turn               r - ring of protection from fire

@: petrified, studying 2 skills
A: (nimble swimmer 2), mertail
a: Renounce Religion, Draw Escape, Draw Destruction, Draw Summoning, Draw Stack,
Triple Draw, Deal Four, Stack Five


You were on level 3 of the Lair of Beasts.
You worshipped Nemelex Xobeh.
Nemelex Xobeh was extremely pleased with you.
You visited 3 branches of the dungeon, and saw 14 of its levels.

You collected 1834 gold pieces.
You spent 222 gold pieces at shops.

Inventory:

Hand Weapons
 a - a +0 halberd
 b - a +0 vampiric trident (weapon)
Missiles
 g - 323 stones (quivered)
 j - 3 throwing nets
 m - 15 poisoned darts
 w - 20 boomerangs
 J - a curare-tipped dart
Armour
 s - a +2 pair of gloves (worn)
 v - a +0 pair of boots (worn)
 y - a scarf of resistance (worn)
 F - a +0 helmet (worn)
 H - a +1 plate armour of poison resistance (worn)
Jewellery
 f - a +4 ring of evasion (left hand)
 r - a ring of protection from fire (right hand)
 x - a ring of positive energy
 C - a ring of poison resistance
Wands
 c - a wand of charming (5)
 A - a wand of iceblast (23)
 E - a wand of polymorph (10)
 K - a wand of digging (3)
Scrolls
 h - 2 scrolls of brand weapon
 i - 2 scrolls of fear
 k - 8 scrolls of teleportation
 D - a scroll of fog
 L - a scroll of enchant armour
 M - 3 scrolls of identify
 N - a scroll of poison
 P - a scroll of magic mapping
Potions
 d - 2 potions of might
 e - 2 potions of attraction
 l - 2 potions of lignification
 n - 2 potions of ambrosia
 o - 5 potions of flight
 p - 3 potions of haste
 q - 3 potions of curing
 t - 3 potions of mutation
 u - 4 potions of heal wounds
 z - a potion of brilliance
 B - 3 potions of cancellation
 G - 2 potions of berserk rage
 I - 2 potions of magic
Miscellaneous
 O - a tin of tremorstones (2/2)


   Skills:
 + Level 11.8 Fighting
 - Level 20.0 Polearms
 + Level 8.5 Throwing
 * Level 7.6 Armour
 - Level 6.0 Dodging
 - Level 3.0 Shields
 - Level 8.0 Invocations
 - Level 6.0 Evocations


You had 12 spell levels left.
You didn't know any spells.
Your spell library contained the following spells:

 Spells                   Type           Power      Damage    Failure   Level
 Freeze                   Ice            0%         1d3       100%        1
 Magic Dart               Conj           0%         1d3       100%        1
 Necrotize                Necr           0%         1d4       100%        1
 Blink                    Tloc           0%         N/A       100%        2
 Call Imp                 Summ           0%         N/A       100%        2
 Frozen Ramparts          Ice            0%         1d2       100%        3
 Lesser Beckoning         Tloc           0%         N/A       100%        3
 Mephitic Cloud           Conj/Pois/Air  0%         N/A       100%        3
 Ozocubu's Armour         Ice            0%         N/A       100%        3
 Vampiric Draining        Necr           0%         2d6       100%        3
 Cause Fear               Hex            0%         N/A       100%        4
 Hailstorm                Conj/Ice       0%         3d3       100%        4
 Agony                    Necr           0%         N/A       100%        5
 Alistair's Intoxication  Tmut/Pois      0%         N/A       100%        5
 Borgnjor's Vile Clutch   Necr/Erth      0%         N/A       100%        5
 Manifold Assault         Tloc           0%         N/A       100%        5
 Eringya's Noxious Bog    Tmut/Pois      0%         N/A       100%        6
 Dragon Form              Tmut           0%         N/A       100%        7
 Ozocubu's Refrigeration  Ice            0%         4d5       100%        7
 Storm Form               Tmut/Air       0%         N/A       100%        7
 Dragon's Call            Summ           0%         N/A       100%        9


Dungeon Overview and Level Annotations

Branches:
Dungeon (10/15)            Temple (1/1) D:5            Lair (3/6) D:9
 Shoals (0/4) Lair:2       Spider (0/4) Lair:2          Orc (0/2) D:10

Altars:
Ashenzari
Cheibriados
Dithmenos
Elyvilon
Fedhas
Gozag
Hepliaklqana
Kikubaaqudgha
Makhleb
Nemelex Xobeh
Okawaru
Qazlal
Ru
Sif Muna
Trog
Uskayaw
Vehumet
Wu Jian
Xom
Yredelemnul
Zin
The Shining One

Shops:
D:8 *


Innate Abilities, Weirdness & Mutations

((You are very nimble when in or above water. (Stealth+, EV+, Speed+++)))
Your lower body shifts to a powerful aquatic tail in water.


Message History

You are engulfed in calcifying dust.
You are slowing down.
The fungus is engulfed in calcifying dust.
The fungus turns to stone!
The catoblepas breathes a plume of calcifying dust at you.
The blast of calcifying dust hits you but does no damage.
The blast of calcifying dust hits the fungus.
Unknown command.
Unknown command.
Unknown command.
Unknown command.
Unknown command.
You hit the catoblepas.
You feel better.
The catoblepas is severely wounded.
You are engulfed in calcifying dust.
Your limbs have turned to stone.
The fungus is engulfed in calcifying dust.
The catoblepas gores you!!
You have turned to stone.
You are engulfed in calcifying dust.
The fungus is engulfed in calcifying dust.
A nearby fungus withers and dies.
The catoblepas gores you!
You are engulfed in calcifying dust.
The catoblepas breathes a plume of calcifying dust at you.
The blast of calcifying dust hits you.
You are engulfed in calcifying dust.
The catoblepas gores you!
* * * LOW HITPOINT WARNING * * *
You are engulfed in calcifying dust.
The catoblepas gores you.
* * * LOW HITPOINT WARNING * * *
The catoblepas gores you!!
* * * LOW HITPOINT WARNING * * *
The catoblepas gores you.
* * * LOW HITPOINT WARNING * * *
The catoblepas gores you.
* * * LOW HITPOINT WARNING * * *
The catoblepas gores you.
* * * LOW HITPOINT WARNING * * *
The catoblepas gores you!!
* * * LOW HITPOINT WARNING * * *
The catoblepas gores you!!
You die...
Your body glows with a rainbow of weird colours and disappears.

♣♣P≈≈≈≈≈≈≈P≈.......##
♣♣♣♣♣♣###≈#.......##
...###.##.........
...P##..#.........
#..P#....P.......#
##..###..+........#
##...# #.####.....##
#....##### #.......
#.@Y#P######.......
##.................
#.................
#.............####
#..#...#.##...## #
#..####.####....###
##.# #P..##.....##.
#..##....#.....##. #.
#P.....'...##..


You could see a catoblepas.

Vanquished Creatures
  4 hydras
  A shock serpent (D:10)
  Pikel (D:7)
  A merfolk siren (Lair:2)
  10 cane toads
  4 black mambas
  A komodo dragon (Lair:3)
  A troll (D:10)
  A polar bear (Lair:1)
  3 merfolk (Lair:2)
  4 blink frogs
  2 shadows (D:9)
  4 wyverns
  52 yaks
  A human (D:10)
  Menkaure (D:7)
  2 steam dragons
  A warg (D:10)
  5 water moccasins
  3 ice beasts
  4 sky beasts
  4 orc warriors
  4 black bears
  13 wolves
  3 centaurs
  A lemure (D:7)
  5 phantoms
  3 kobold brigands
  11 bullfrogs
  A necrophage (D:5)
  A gnoll sergeant (D:6)
  3 scorpions
  A wight (D:6)
  4 killer bees (D:8)
  An electric eel (Lair:3)
  A howler monkey (D:8)
  9 hounds
  Crazy Yiuf (D:7)
  7 orc priests
  3 jellies
  2 gnoll shamans
  7 iguanas
  Terence (D:2)
  Natasha (twice) (D:4)
  9 orc wizards
  19 gnolls
  8 adders
  A white imp (D:6)
  4 ufetubi
  4 worms
  3 dart slugs
  47 orcs
  5 ball pythons
  3 bats
  2 bat skeletons (D:9)
  3 bat zombies (D:9)
  5 endoplasms
  4 giant cockroaches
  10 goblins
  6 hobgoblins
  10 jackals
  5 quokkas
  3 frilled lizards
  8 kobolds
  7 rats
  A plant (Lair:3)
361 creatures vanquished.

Vanquished Creatures (collateral kills)
  A two-headed ogre (D:9)
  Maggie (D:9)
  6 blink frogs
  A yak (D:6)
  An orc warrior (D:9)
  2 orc priests (D:9)
  An orc (D:9)
13 creatures vanquished.

Vanquished Creatures (others)
  25 fungi
  22 plants
47 creatures vanquished.

Grand Total: 421 creatures vanquished

Notes
Turn   | Place    | Note
-------+----------+-------------------------------------------
     0 | D:1      | jejorda2 the Merfolk Fighter began the quest for the Orb.
     0 | D:1      | Reached XP level 1. HP: 18/18 MP: 1/1
    34 | D:1      | Reached skill level 3 in Polearms
   116 | D:1      | Reached XP level 2. HP: 20/24 MP: 2/2
   591 | D:2      | Noticed Terence
   610 | D:2      | Killed Terence
   611 | D:2      | Reached skill level 4 in Polearms
   611 | D:2      | Reached XP level 3. HP: 30/30 MP: 3/3
   780 | D:2      | Reached XP level 4. HP: 36/37 MP: 4/4
   840 | D:2      | Found a burning altar of Makhleb.
  1742 | D:3      | Found a hide-covered altar of Uskayaw.
  1796 | D:3      | Found a blossoming altar of Fedhas.
  1797 | D:3      | Found a stormy altar of Qazlal.
  1800 | D:3      | Found a basalt altar of Yredelemnul.
  2021 | D:3      | Found a faded altar of an unknown god.
  2362 | D:3      | Reached skill level 5 in Polearms
  2567 | D:4      | Reached XP level 5. HP: 37/42 MP: 5/5
  3001 | D:4      | Noticed Natasha
  3003 | D:4      | Killed Natasha
  3055 | D:4      | Found a white marble altar of Elyvilon.
  3055 | D:4      | Found a sacrificial altar of Ru.
  3213 | D:4      | Reached skill level 6 in Polearms
  3213 | D:4      | Reached XP level 6. HP: 46/49 MP: 6/6
  3768 | D:4      | Noticed Natasha
  3776 | D:4      | Noticed a black bear
  3783 | D:4      | Killed a black bear
  3793 | D:4      | Killed Natasha
  3979 | D:4      | Reached skill level 5 in Fighting
  3979 | D:4      | Reached skill level 7 in Polearms
  3979 | D:4      | Reached XP level 7. HP: 50/56 MP: 7/7
  4518 | D:4      | Found a bloodstained altar of Trog.
  4701 | D:5      | Entered Level 5 of the Dungeon
  4857 | D:5      | Identified a scroll of acquirement
  4857 | D:5      | Acquired 1038 gold pieces
  4927 | D:5      | Reached skill level 8 in Polearms
  5197 | D:5      | Reached XP level 8. HP: 56/64 MP: 8/8
  5318 | D:5      | Found a staircase to the Ecumenical Temple.
  5356 | D:5      | Reached skill level 9 in Polearms
  5373 | Temple   | Entered the Ecumenical Temple
  5493 | Temple   | Became a worshipper of Nemelex Xobeh the Trickster
  5634 | D:5      | Reached skill level 1 in Invocations
  5962 | D:6      | Reached skill level 10 in Polearms
  6104 | D:6      | Reached * piety under Nemelex Xobeh
  6183 | D:6      | Reached XP level 9. HP: 69/69 MP: 9/11
  6253 | D:6      | Received a gift from Nemelex Xobeh
  6287 | D:6      | Reached skill level 11 in Polearms
  6294 | D:6      | Reached skill level 5 in Armour
  6960 | D:6      | Reached skill level 12 in Polearms
  7216 | D:6      | Acquired a manual of Polearms
  7655 | D:7      | Reached skill level 5 in Invocations
  8032 | D:7      | Found a hazy altar of Hepliaklqana.
  8151 | D:7      | Found a runed translucent door.
  8152 | D:7      | Noticed Crazy Yiuf
  8158 | D:7      | Killed Crazy Yiuf
  8159 | D:7      | Reached ** piety under Nemelex Xobeh
  8268 | D:7      | Noticed Pikel
  8291 | D:7      | Killed Pikel
  8292 | D:7      | Reached skill level 14 in Polearms
  8292 | D:7      | Reached XP level 10. HP: 64/76 MP: 12/14
  8404 | D:7      | Acquired a manual of Fighting
  8416 | D:7      | Noticed Menkaure
  8425 | D:7      | Killed Menkaure
  8553 | D:8      | Reached skill level 1 in Dodging
  8577 | D:8      | Reached skill level 15 in Polearms
  8961 | D:8      | Reached skill level 16 in Polearms
  9097 | D:8      | Received a gift from Nemelex Xobeh
  9107 | D:8      | Found Dewy's Assorted Antiques.
  9135 | D:8      | Bought a shiny emerald ring for 125 gold pieces
  9135 | D:8      | Bought a scroll labelled CULOOC DASOAPN for 25 gold pieces
  9135 | D:8      | Bought a scroll labelled MULIAKHL PEGI for 25 gold pieces
  9135 | D:8      | Bought a scroll labelled GIPSINKEGIU for 25 gold pieces
  9135 | D:8      | Bought a fuming clear potion for 22 gold pieces
  9652 | D:8      | Found an ornate altar of the Wu Jian Council.
  9704 | D:9      | Noticed Maggie
  9709 | D:9      | Killed Maggie
  9789 | D:9      | Noticed a two-headed ogre
  9792 | D:9      | Reached XP level 11. HP: 73/86 MP: 16/16
  9799 | D:9      | Killed a two-headed ogre
  9800 | D:9      | Reached skill level 5 in Dodging
  9932 | D:9      | Identified the +6 hand axe of Exquisite Torment {venom,
                  | rPois}
 10183 | D:9      | Reached skill level 17 in Polearms
 10195 | D:9      | Found a staircase to the Lair.
 10431 | D:9      | Reached *** piety under Nemelex Xobeh
 10742 | D:9      | Found an ancient bone altar of Kikubaaqudgha.
 10902 | D:10     | Entered Level 10 of the Dungeon
 11108 | D:10     | Reached skill level 10 in Fighting
 11267 | D:10     | Found a staircase to the Orcish Mines.
 11305 | D:10     | Received a gift from Nemelex Xobeh
 11476 | D:10     | Found a shimmering altar of Xom.
 11491 | D:10     | Found a radiant altar of Vehumet.
 11510 | D:10     | Reached skill level 1 in Throwing
 11513 | D:10     | Reached skill level 1 in Evocations
 11529 | D:10     | Reached skill level 18 in Polearms
 11966 | D:10     | Found a glowing golden altar of the Shining One.
 12138 | D:10     | Noticed a two-headed ogre
 12139 | D:10     | Noticed a shock serpent
 12139 | D:10     | a two-headed ogre changed into a shock serpent
 12149 | D:10     | Killed a shock serpent
 12477 | Lair:1   | Entered Level 1 of the Lair of Beasts
 12641 | Lair:1   | Noticed a four-headed hydra
 12650 | Lair:1   | Killed a four-headed hydra
 12651 | Lair:1   | Reached skill level 19 in Polearms
 12651 | Lair:1   | Reached XP level 12. HP: 80/97 MP: 18/18
 12892 | Lair:1   | Reached **** piety under Nemelex Xobeh
 13241 | Lair:1   | Reached skill level 5 in Throwing
 13243 | Lair:1   | Reached skill level 5 in Evocations
 13430 | Lair:1   | Reached skill level 20 in Polearms
 13751 | Lair:1   | Received a gift from Nemelex Xobeh
 15305 | Lair:2   | Found a staircase to the Shoals.
 15323 | Lair:2   | Reached XP level 13. HP: 98/104 MP: 19/19
 15402 | Lair:2   | Reached ***** piety under Nemelex Xobeh
 15883 | Lair:2   | Received a gift from Nemelex Xobeh
 15934 | Lair:2   | Found a hole to the Spider Nest.
 16825 | Lair:3   | Received a gift from Nemelex Xobeh
 17550 | Lair:3   | Slain by a catoblepas

Illustrated notes

Levels and vault maps discovered:
D:1:      dpeg_arrival_rhombus, layout_rooms, serial_glass, glass_columns_a,
          glass_columns_c, glass_columns_b, glass_columns_a,
          dreamdust_mushroom_princess
D:2:      layout_basic, basic_altar, nicolae_concentric_dashed_squares_mild,
          grunt_ministairs_4, uniq_terence
D:3:      layout_basic, mainiacjoe_overflow_alcove_1,
          gammafunk_temple_overflow_forgotten,
          dreamdust_ecumenical_altar_hidden_monk_grotto
D:4:      layout_loops_corners, mainiacjoe_overflow_alcove_2,
          gammafunk_temple_overflow_statue, serial_aquarium,
          aquarium_bridge_square [aquarium_subvault_bridge,
          aquarium_subvault_wall, aquarium_subvault_bridge,
          aquarium_subvault_bridge], aquarium_window_1, aquarium_window_fake,
          aquarium_window_fake, aquarium_view_4, aquarium_view_2d,
          aquarium_balcony_3b, aquarium_pool_1, hangedman_decor_slide_cut,
          st_stairs_14, uniq_natasha
D:5:      layout_rooms, minmay_temple_entry_butterflies
D:6:      minmay_thinvault, layout_gridville
D:7:      layout_basic, worldfamousw_hep_ancestral_shrine,
          uniq_crazy_yiuf_cottage, uniq_menkaure, uniq_pikel
D:8:      layout_rooms, nzn_wu_jian_council_hall, serial_shops, shop
D:9:      layout_gridville, kennysheep_vampire_church, david_lair_generic,
          kennysheep_generic_room_12, uniq_maggie
D:10:     layout_loops_ring, tso_oasis_becter, xom_teletrap_fun,
          nicolae_vehumet_altar_sigil, erik_orc_4
Temple:   jpeg_temple_island
Lair:1:   layout_gridlike
Lair:2:   layout_big_grid, elwin_shoals_entry_stream, dummy_spider_entry,
          beast_lair_carwin_5, infiniplex_staircase_pool
Lair:3:   layout_regular_city, serial_bayou_shore_a

Skill      XL: |  1  2  3  4  5  6  7  8  9 10 11 12 13 |
---------------+----------------------------------------+-----
Polearms       | 3 4 5 6 7 8 10 14 16 19 20 | 20.0
Fighting       | 4 5 6 8 10 11 | 11.8
Armour         | 3 4 5 6 7 |  7.6
Invocations    | 2 5 6 8 |  8.0
Dodging        | 4 6 |  6.0
Throwing       | 3 7 8 |  8.5
Evocations     | 3 6 |  6.0
Shields        | |  3.0

Action                   |  1- 3 |  4- 6 |  7- 9 | 10-12 | 13-15 || total
-------------------------+-------+-------+-------+-------+-------++-------
Melee: Trident           |    73 |   189 |   497 |     4 |    78 ||   841
       Halberd           |       |       |    27 |   774 |    83 ||   884
       Punch             |       |       |       |       |     2 ||     2
Throw: Stone             |     1 |     9 |    24 |    39 |       ||    73
Invok: Draw Summoning    |       |       |     1 |     2 |     1 ||     4
       Draw Destruction  |       |       |       |    17 |     5 ||    22
       Deal Four         |       |       |       |       |     1 ||     1
       Stack Five        |       |       |       |       |     1 ||     1
Evoke: Wand              |       |       |       |     1 |       ||     1
  Use: Scroll            |       |       |    17 |    10 |     1 ||    28
       Potion            |       |       |       |     1 |       ||     1
Armor: Scale mail        |    10 |       |       |       |       ||    10
       Chain mail        |    19 |    29 |       |       |       ||    48
       Plate armour      |       |    60 |   197 |   265 |    37 ||   559
Dodge: Dodged            |    20 |    41 |   132 |   308 |    53 ||   554
Block: Buckler           |     9 |    30 |    86 |       |       ||   125

Table legend: (Time is in decaauts)
 A = Elapsed time spent in this place.
 B = Non-inter-level travel time spent in this place.
 C = Inter-level travel time spent in this place.
 D = Time resting spent in this place.
 E = Time spent auto-exploring this place.
 F = Levels seen in this place.
 G = Mean time per level.
                   A        B        C        D        E       F      G
               +--------+--------+--------+--------+--------+-----+--------+
         Total |  17205 |  16753 |    452 |    329 |  13691 |  14 | 1228.9 |
       Dungeon |  12144 |  11763 |    381 |    136 |   9540 |  10 | 1214.4 |
        Temple |    155 |    120 |     35 |      0 |    111 |   1 |  155.0 |
          Lair |   4905 |   4870 |     35 |    193 |   4040 |   3 | 1635.0 |
               +--------+--------+--------+--------+--------+-----+--------+

Top non-repeatable levels by time:
     D:4: 2144 daAuts
  Lair:2: 1758 daAuts
  Lair:1: 1742 daAuts
    D:10: 1499 daAuts
     D:6: 1485 daAuts
  Lair:3: 1403 daAuts
     D:9: 1194 daAuts
     D:8: 1130 daAuts
     D:3: 1079 daAuts
     D:7: 1075 daAuts
     D:2: 1060 daAuts
     D:5: 885 daAuts
     D:1: 589 daAuts
  Temple: 155 daAuts
